 Dungeon Crawl Stone Soup version 0.22.1-1-ga44c0e56f4 (webtiles) character file.

93 Kristenmann the Covered (level 4, -1/41 HPs)
             Began as a Minotaur Fighter on Oct 3, 2018.
             Killed by divine providence
             ... invoked by an orc priest
              (14 damage)
             ... on level 3 of the Dungeon.
             The game lasted 00:22:33 (2184 turns).

Kristenmann the Covered (Minotaur Fighter)          Turns: 2184, Time: 00:22:34

Health: -1/41      AC: 10    Str: 22    XL:     4   Next: 36%
Magic:  3/3        EV:  5    Int:  5    God:
Gold:   137        SH:  9    Dex:  9    Spells: 3/3 levels left

rFire    . . .     SeeInvis +   a - +0 trident
rCold    . . .     Gourm    .   c - +0 shield
rNeg     . . .     Faith    .   o - +0 chain mail (curse)
rPois    .         Spirit   .   (helmet restricted)
rElec    .         Reflect  .   D - +0 cloak
rCorr    .         Harm     .   (no gloves)
MR       .....                  (no boots)
Stlth    ..........             (no amulet)
HPRegen  0.13/turn              C - ring of see invisible
MPRegen  0.08/turn              z - ring of flight

@: heavily drained
A: retaliatory headbutt, horns 2
a: Evoke Flight


You were on level 3 of the Dungeon.
You were not hungry.

You visited 1 branch of the dungeon, and saw 3 of its levels.

You collected 137 gold pieces.

Inventory:

Hand Weapons
 a - a +0 trident (weapon)
 e - a +0 dagger
 h - a +0 club
 i - a +0 club
 t - a +0 whip
Missiles
 l - 41 arrows
 p - 5 javelins (quivered)
 L - 16 poisoned needles
Armour
 b - a +0 scale mail
 c - a +0 shield (worn)
 k - a +0 leather armour
 m - a +0 leather armour
 o - a cursed +0 chain mail (worn)
 q - a +0 ring mail
 v - a +0 buckler
 y - a cursed +0 chain mail
 B - a +0 leather armour
 D - a +0 cloak (worn)
 K - a +0 pair of boots
Jewellery
 z - a ring of flight (right hand)
 C - a ring of see invisible (left hand)
 I - an uncursed ring of protection from fire {unknown}
 J - an uncursed amulet of harm
 P - an uncursed amulet of faith
 Q - a +2 ring of protection {unknown}
Scrolls
 g - 3 scrolls of teleportation
 j - a scroll of magic mapping {unknown}
 n - 3 scrolls of identify
 r - a scroll of random uselessness {unknown}
 s - a scroll of blinking {unknown}
 u - 2 scrolls of remove curse {unknown}
 G - a scroll of enchant armour {unknown}
 N - a scroll of amnesia {unknown}
 O - a scroll of fear {unknown}
Potions
 d - 2 potions of might
 w - a potion of degeneration {unknown}
 x - 2 potions of flight {unknown}
 A - 2 potions of magic {unknown}
 E - a potion of invisibility {unknown}
 F - a potion of lignification {unknown}
 H - 2 potions of heal wounds {unknown}
 M - 2 potions of curing {unknown}
 R - 2 potions of brilliance {unknown}
Comestibles
 f - 5 rations


   Skills:
 + Level 4.3(2.7) Fighting
 + Level 3.4(1.9) Polearms
 + Level 4.4(2.8) Armour
 + Level 1.2(0.0) Dodging
 + Level 4.2(2.6) Shields


You had 3 spell levels left.
You didn't know any spells.
Your spell library was empty.

Dungeon Overview and Level Annotations

Branches:
Dungeon (3/15)

Altars:


Innate Abilities, Weirdness & Mutations

You reflexively headbutt those who attack you in melee.
You have a pair of horns on your head.


Message History

Your shield and chain mail prevent you from hitting the orc priest.
Your headbutt misses the orc priest.
The orc priest hits you but does no damage. x2
You closely miss the orc priest. You block the orc priest's attack.
You hit the orc priest. Your headbutt misses the orc priest.
The orc priest is moderately wounded.
The orc priest hits you but does no damage.
You puncture the orc priest!
You headbutt the orc priest, but do no damage.
The orc priest is almost dead.
The orc priest invokes the aid of Beogh against you.
Beogh smites you! You block the orc's attack.
The orc hits you but does no damage.
The orc priest calls down the wrath of Beogh upon you.
Beogh smites you!
* * * LOW HITPOINT WARNING * * *
The orc priest calls down the wrath of Beogh upon you.
Beogh smites you!
You die...

.### ###............###. ...
................... .###
###............### .#
#.......o....# .###
#..<.........# ...#
#......ooo...#.# .#.###
#..÷.........#.#
.#...######......o.<..#.#
...#.......#....@.##.##.##
...#######....##..# .....#####
#.....# ####....## ##.......
#.###.# #####..#####.#... #
#.###.#####....).......#.###.###
#.............†)...............#
#.........>.......####.#....##.
#.................# ##.#.####
#......†..........# #....#


You could see an orc priest and 4 orcs.

Vanquished Creatures
  An adder (D:2)
  4 worms
  A leopard gecko (D:2)
  An orc (D:3)
  4 ball pythons
  7 bats
  3 giant cockroaches
  12 goblins
  5 hobgoblins
  4 jackals (D:2)
  3 frilled lizards (D:1)
  11 kobolds
  9 rats
65 creatures vanquished.

Notes
Turn   | Place    | Note
-------+----------+-------------------------------------------
     0 | D:1      | Kristenmann the Minotaur Fighter began the quest for the
                  | Orb.
     0 | D:1      | Reached XP level 1. HP: 19/19 MP: 0/0
   215 | D:1      | Reached XP level 2. HP: 27/27 MP: 1/1
   549 | D:1      | Reached XP level 3. HP: 33/33 MP: 2/2
   979 | D:2      | Reached skill level 1 in Dodging
  1389 | D:2      | Reached XP level 4. HP: 40/40 MP: 3/3
  2184 | D:3      | Killed from afar by an orc priest

Skill      XL: |  1  2  3 |
---------------+----------+-----
Armour         | 4 |  4.4
Shields        | 4 |  4.2
Fighting       | 4 |  4.3
Dodging        | 1 |  1.2
Polearms       | 3 |  3.4

Action                   |  1- 3 |  4- 6 || total
-------------------------+-------+-------++-------
Melee: Trident           |   140 |    69 ||   209
       Headbutt          |    16 |    12 ||    28
  Use: Scroll            |       |     2 ||     2
  Eat: Ration            |     1 |     1 ||     2
Armor: Scale mail        |     4 |       ||     4
       Chain mail        |    55 |    34 ||    89
Dodge: Dodged            |    19 |    12 ||    31
Block: Shield            |    63 |    30 ||    93
